Map: Hardwire LE

Players

Hirich - Winner!

  • Race: Protoss Protoss
  • League: Diamond

Rifter

  • Race: Zerg Zerg
  • League: Diamond

VOD

Have the link to the VOD?

Description

Time

  • Played on: Nov. 3, 2021, 4:07 p.m.
  • Length: 20:15
Show
View Real Time Build Order
Export as new Build Order

Hirich Protoss - Winner!

Build Orders: 1 Gate Expand, Blink Stalkers, Carriers 

Get SALT Encoding   

  12  0:00  Probe  
  13  0:12  Probe  
  14  0:19  Pylon  
  14  0:24  Probe  
  15  0:37  Probe  
  15  0:38  Gateway  
  16  0:47  Assimilator  
  16  0:49  Probe (Chrono Boost)  
  17  0:59  Probe (Chrono Boost)  
  17  1:04  Probe (Chrono Boost)  
  19  1:24  Nexus  
  19  1:36  Cybernetics Core  
  19  1:44  Probe (Chrono Boost), Assimilator  
  21  1:55  Probe (Chrono Boost), Pylon  
  21  2:00  Probe (Chrono Boost)  
  22  2:12  Adept (Chrono Boost)  
  22  2:15  Warp Gate  
  24  2:19  Probe  
  25  2:26  Twilight Council  
  25  2:35  Probe (Chrono Boost)  
  25  2:36  Probe (Chrono Boost)  
  28  2:45  Probe (Chrono Boost)  
  28  2:46  Gateway  
  28  2:47  Probe (Chrono Boost)  
  28  2:50  Probe (Chrono Boost)  
  29  2:56  Probe  
  31  3:00  Stalker  
  31  3:02  Probe  
  34  3:08  Probe  
  34  3:09  Blink (Chrono Boost)  
  35  3:14  Probe  
  36  3:20  Probe, Pylon  
  36  3:26  Probe  
  38  3:32  Probe  
  39  3:40  Gateway, Probe  
  40  3:42  Gateway  
  40  3:44  Probe  
  40  3:46  Assimilator  
  41  3:52  Probe  
  42  4:00  Probe  
  43  4:04  Adept, Probe  
  46  4:12  Probe, Nexus  
  46  4:16  Pylon  
  47  4:23  Probe  
  48  4:27  Stalker  
  48  4:28  Stalker  
  52  4:32  Robotics Facility  
  52  4:34  Probe  
  52  4:35  Probe  
  54  4:44  Stalker x2  
  58  4:46  Probe  
  58  4:47  Probe  
  60  4:59  Charge (Chrono Boost)  
  60  5:01  Stalker  
  62  5:08  Pylon  
  62  5:11  Pylon  
  62  5:18  Gateway  
  62  5:19  Gateway  
  62  5:24  Probe x2  
  62  5:27  Shield Battery  
  65  5:28  Probe  
  65  5:32  Forge  
  65  5:36  Probe x2  
  65  5:39  Stalker  
  65  5:40  Probe, Stalker x3  
  76  5:47  Robotics Bay  
  76  5:51  Probe x2  
  76  5:52  Probe  
  76  5:54  Assimilator  
  79  6:00  Assimilator  
  79  6:03  Probe, Robotics Facility  
  80  6:04  Probe x2  
  80  6:05  Pylon  
  82  6:16  Probe  
  83  6:24  Probe x2  
  85  6:26  Zealot x6  
  85  6:28  Probe  
  98  6:40  Protoss Ground Weapons Level 1 (Chrono Boost)  
  98  6:47  Probe x2  
  98  6:48  Probe  
  101  7:00  Pylon  
  101  7:02  Nexus, Pylon  
  101  7:04  Pylon  
  101  7:08  Colossus (Chrono Boost)  
  101  7:10  Colossus (Chrono Boost)  
  112  7:22  Zealot  
  112  7:23  Zealot x5  
  112  7:29  Gateway  
  124  7:30  Gateway  
  124  7:32  Gateway, Probe  
  124  7:33  Gateway  
  125  7:39  Pylon  
  125  7:40  Forge  
  125  7:53  Extended Thermal Lance  
  125  7:57  Probe x3  
  128  8:10  Sentry x2  
  132  8:13  Colossus x2 (Chrono Boost)  
  132  8:15  Sentry x2  
  148  8:26  Protoss Ground Armor Level 1 (Chrono Boost)  
  148  8:32  Pylon  
  148  8:34  Assimilator  
  148  8:35  Pylon  
  148  8:37  Pylon  
  148  8:38  Assimilator  
  148  8:40  Protoss Ground Weapons Level 2 (Chrono Boost)  
  148  8:50  Probe x3  
  151  8:57  Zealot x9  
  151  8:58  Zealot  
  171  9:03  Immortal  
  171  9:07  Probe x2  
  171  9:08  Probe  
  172  9:11  Colossus, Templar Archives  
  172  9:28  Assimilator  
  172  9:40  Pylon x2  
  172  9:43  Pylon  
  172  9:45  Pylon  
  172  9:50  Probe x2  
  172  9:54  Immortal (Chrono Boost)  
  172  9:56  Immortal (Chrono Boost)  
  172  10:00  High Templar x3  
  172  10:01  High Templar  
  172  10:02  Zealot x6  
  172  10:03  Probe  
  172  10:04  Archon x2  
  183  10:20  Photon Cannon  
  183  10:22  Photon Cannon  
  183  10:25  Photon Cannon, Observer  
  183  10:27  Shield Battery, Observer  
  185  10:28  Shield Battery  
  185  10:36  Zealot x7  
  185  10:41  Protoss Ground Armor Level 2 (Chrono Boost)  
  192  11:15  Observer x2  
  116  11:28  Zealot x2  
  116  11:29  Zealot x7  
  116  11:30  Zealot  
  132  11:47  Disruptor x2 (Chrono Boost)  
  132  11:51  Protoss Ground Weapons Level 3 (Chrono Boost)  
  132  11:53  Nexus  
  128  11:57  Stargate, Assimilator  
  128  11:58  Stargate  
  128  12:00  Zealot x2, Stargate  
  128  12:01  Zealot x6, Assimilator  
  136  12:02  Zealot x2, Stargate  
  136  12:05  Probe x3, Pylon  
  151  12:13  Disruptor x2 (Chrono Boost)  
  151  12:17  Probe x2  
  151  12:18  Probe  
  160  12:24  Stalker  
  160  12:25  Stalker x3  
  168  12:36  Probe x3  
  171  12:49  Fleet Beacon  
  171  12:57  Protoss Ground Armor Level 3 (Chrono Boost)  
  147  13:05  Zealot x10, Disruptor x2 (Chrono Boost)  
  157  13:51  Stalker x2  
  157  13:52  Carrier x3 (Chrono Boost), Stalker x8  
  144  14:51  Carrier x2 (Chrono Boost)  
  144  14:52  Carrier x2 (Chrono Boost)  
  166  15:01  Zealot x8  
  166  15:02  Zealot x2  
  186  15:07  Nexus  
  186  15:10  Probe x4  
  186  15:11  Pylon  
  152  15:49  Stalker x7  
  150  15:50  Stalker x3  
  150  15:53  Carrier x2  
  166  16:03  Assimilator  
  156  16:12  Protoss Shields Level 1 (Chrono Boost)  
  156  16:17  Probe x4  
  160  16:22  Assimilator  
  160  16:27  Zealot x4  
  160  16:31  Protoss Air Weapons Level 1 (Chrono Boost)  
  151  16:50  Zealot x5  
  151  16:51  Zealot x4  
  128  17:17  Nexus  
  128  17:20  Pylon  
  128  17:22  High Templar x6  
  138  17:26  Archon x2  
  138  17:27  Archon  
  140  17:31  Probe x3  
  141  17:54  High Templar x7  
  141  17:55  High Templar x2  
  159  17:58  Archon x2  
  159  17:59  Archon x2  
  159  18:03  Disruptor (Chrono Boost)  
  159  18:06  Disruptor (Chrono Boost)  
  159  18:26  Assimilator  
  151  18:28  Assimilator  
  143  18:50  Nexus  
  142  18:56  Observer x2  
  142  19:04  Disruptor (Chrono Boost)  
  142  19:05  Disruptor (Chrono Boost)  
  148  19:15  Nexus  
  148  19:17  Pylon  
  148  19:25  High Templar  
  148  19:30  Zealot x6  
  148  19:31  Zealot  
  164  19:32  Disruptor x2 (Chrono Boost)  
  164  19:35  Archon  
  170  19:44  Assimilator  
  170  19:45  Stalker  
  172  19:46  Assimilator  
Show
View Real Time Build Order
Export as new Build Order

Rifter Zerg 

Build Orders: Hatch First, Lurkers, Roach Hydra 

Get SALT Encoding   

  12  0:00  Drone  
  13  0:12  Overlord  
  13  0:16  Drone  
  14  0:30  Drone x2  
  16  0:48  Hatchery  
  15  0:51  Drone  
  15  0:56  Drone  
  17  0:57  Drone  
  18  1:10  Extractor  
  17  1:12  Spawning Pool  
  17  1:16  Drone  
  17  1:19  Drone  
  18  1:27  Drone  
  19  1:38  Drone  
  20  1:49  Drone  
  21  1:59  Queen  
  21  2:00  Zergling x2, Queen  
  26  2:01  Drone  
  27  2:15  Hatchery  
  26  2:20  Drone x2  
  28  2:23  Overlord  
  28  2:27  Overlord  
  28  2:45  Metabolic Boost, Queen  
  28  2:47  Drone x3  
  28  2:49  Drone  
  34  2:59  Drone x2  
  34  3:04  Drone x2  
  38  3:13  Drone x2  
  38  3:14  Zergling x2  
  38  3:17  Zergling x2  
  38  3:19  Zergling x2  
  43  3:25  Zergling x2  
  44  3:28  Queen  
  44  3:29  Queen  
  44  3:32  Overlord  
  48  3:39  Drone x2  
  50  3:50  Overlord  
  50  3:51  Overlord  
  50  3:52  Overlord  
  50  3:53  Drone  
  51  3:59  Drone x3  
  51  4:00  Extractor  
  51  4:01  Drone x2, Roach Warren  
  54  4:13  Lair  
  54  4:19  Drone x5  
  54  4:20  Drone x3  
  54  4:23  Spore Crawler x2  
  60  4:25  Spore Crawler  
  59  4:44  Roach x8  
  75  5:00  Overlord x3  
  75  5:10  Glial Reconstitution  
  75  5:15  Extractor  
  75  5:19  Roach x4  
  81  5:24  Drone x3  
  83  5:48  Drone  
  83  5:49  Drone x5  
  89  5:51  Overlord x4  
  89  5:57  Evolution Chamber  
  89  5:58  Evolution Chamber  
  89  6:01  Extractor  
  89  6:02  Hydralisk Den  
  85  6:10  Overseer  
  85  6:15  Hatchery  
  82  6:26  Drone x13  
  82  6:27  Drone x7  
  102  6:33  Extractor  
  102  6:35  Extractor  
  100  6:42  Zerg Melee Weapons Level 1, Grooved Spines, Zerg Missile Weapons Level 1  
  100  6:58  Infestation Pit  
  100  7:00  Overseer  
  99  7:02  Pneumatized Carapace  
  99  7:03  Zergling x2  
  99  7:04  Zergling x4  
  99  7:05  Drone  
  99  7:06  Drone x2  
  99  7:07  Drone x3  
  108  7:21  Roach x4  
  108  7:22  Extractor x2, Spore Crawler  
  111  7:26  Queen  
  111  7:29  Overlord x6  
  112  7:36  Drone x4  
  116  7:37  Drone  
  116  7:40  Drone x2  
  119  7:54  Muscular Augments  
  119  8:07  Hive  
  119  8:12  Lurker Den  
  118  8:18  Hydralisk x18  
  154  8:49  Zerg Missile Weapons Level 2, Zerg Melee Weapons Level 2  
  154  8:53  Roach  
  154  8:54  Roach x6  
  154  8:55  Hatchery, Overlord x3  
  167  9:09  Roach  
  168  9:14  Roach x9  
  186  9:19  Seismic Spines  
  186  9:22  Roach x3  
  186  9:24  Overlord x4  
  192  9:43  Drone x7  
  192  9:44  Drone  
  192  9:45  Evolution Chamber  
  199  9:48  Evolution Chamber  
  199  9:49  Evolution Chamber  
  199  9:50  Evolution Chamber  
  189  10:04  Lurker x13  
  198  10:20  Adaptive Talons  
  198  10:23  Roach  
  198  10:27  Hatchery  
  199  10:40  Spire  
  192  11:19  Roach x5  
  168  11:30  Viper x3  
  168  11:31  Viper x2  
  170  11:45  Drone x7  
  170  11:46  Drone x4  
  180  11:50  Zerg Melee Weapons Level 3, Zerg Missile Weapons Level 3  
  180  11:52  Greater Spire  
  176  11:56  Zerg Ground Armor Level 1  
  176  12:04  Overseer x3  
  176  12:11  Roach x10  
  196  12:41  Extractor x2, Spore Crawler  
  193  12:53  Roach x3  
  183  12:59  Drone  
  183  13:03  Corruptor x8  
  194  13:40  Brood Lord x3  
  200  13:58  Hatchery  
  200  14:02  Ultralisk Cavern  
  157  14:51  Brood Lord x5  
  149  14:53  Roach x19  
  149  14:54  Roach x6  
  177  15:46  Hydralisk x21  
  177  15:47  Hydralisk x7  
  180  15:59  Hydralisk x7  
  180  16:00  Hydralisk x3  
  192  16:07  Hydralisk x4  
  192  16:08  Hydralisk x2  
  192  16:10  Hydralisk  
  176  16:37  Hydralisk x11  
  180  17:07  Hydralisk x12  
  140  17:21  Roach x3  
  140  17:22  Roach x9  
  158  17:24  Zergling x6  
  161  17:32  Queen  
  163  17:39  Roach  
  163  17:40  Roach x4  
  174  17:51  Roach x12  
  174  17:52  Roach x2  
  198  18:09  Spire  
  162  18:27  Ultralisk x4  
  142  18:31  Extractor  
  142  18:32  Queen x2  
  142  18:33  Extractor, Queen x2  
  142  18:34  Spore Crawler  
  147  18:52  Spore Crawler  
  146  18:55  Spore Crawler x2  
  146  18:57  Ultralisk, Spore Crawler  
  146  18:58  Ultralisk, Corruptor x2, Spore Crawler  
  146  18:59  Corruptor, Spore Crawler  
  146  19:02  Spore Crawler  
  158  19:03  Spore Crawler  
  158  19:07  Drone x3  
  158  19:08  Drone x3  
  163  19:26  Corruptor x4  
  171  19:50  Hatchery  
  170  19:55  Zergling x60  
Tags
 
Add a new tag
Caveats
  • Supply blocks, unpowered buildings, or Contaminate may cause inaccurate times.
  • Supply counts are checked every 10 seconds.